 Dungeon Crawl Stone Soup version 0.29-a0-266-gf56f883ddd (webtiles) character file.

Game seed: 16531872581671442404

28 spaghetti the Skirmisher (level 2, -1/25 HPs)
             Began as a Demonspawn Chaos Knight on Mar 6, 2022.
             Was an Initiate of Gozag.
             Succumbed to an adder's poison
             ... on level 3 of the Dungeon.
             The game lasted 00:02:04 (1553 turns).

spaghetti the Skirmisher (Demonspawn Chaos Knight)  Turns: 1553, Time: 00:02:06

Health: -1/25      AC:  5    Str: 12    XL:     2   Next: 96%
Magic:  2/2        EV: 11    Int: 15    God:    Gozag
Gold:   186        SH:  0    Dex: 12    Spells: 1/1 levels left

rFire   . . .      SeeInvis .   a - +0 short sword (chaos) {short}
rCold   . . .      Faith    .   (no shield)
rNeg    . . .      Spirit   .   h - +2 leather armour
rPois   .          Reflect  .   (no helmet)
rElec   .          Harm     .   (no cloak)
rCorr   .          Rampage  .   (no gloves)
Will    .....                   (no boots)
Stlth   ..........              (no amulet)
HPRegen 0.08/turn               (no ring)
MPRegen 0.08/turn               (no ring)

@: lethally poisoned (-1 -> -13), silenced
A: big brain 1, inability to read while threatened
a: Renounce Religion


You were on level 3 of the Dungeon.
You worshipped Gozag.
Gozag was aware of your devotion.
You visited 1 branch of the dungeon, and saw 3 of its levels.

You collected 186 gold pieces.


Innate Abilities, Weirdness & Mutations

You have an unusually large brain. (Int +2)
You sometimes lose the ability to read scrolls when taking damage.


   Skills:
 + Level 4.2 Fighting
 - Level 2.6 Short Blades
 - Level 1.7 Armour
 - Level 0.8 Dodging


You had one spell level left.
You didn't know any spells.
Your spell library contained the following spells:

 Spells                   Type           Power      Damage    Failure   Level
 Animate Skeleton         Necr           0%         N/A       34%         1
 Pain                     Necr           0%         1d4       34%         1
 Vampiric Draining        Necr           0%         2d6       71%         3

Inventory:

Hand Weapons
 a - a +0 short sword of chaos (weapon) {short}
 b - a +0 hunting sling {sling}
   (You found it on level 1 of the Dungeon)
Missiles
 f - 82 stones {throwing}
Armour
 h - a +2 leather armour (worn)
Scrolls
 d - 2 scrolls of noise {unknown}
 e - a scroll of summoning {unknown}
 i - a scroll of identify {unknown}
 j - a scroll of vulnerability {unknown}
 k - a scroll of teleportation {unknown}
Potions
 l - a potion of magic
Miscellaneous
 c - a piece from Xom's chessboard (15/15) (quivered)

Dungeon Overview and Level Annotations

Branches:
Dungeon (3/15)

Altars:
Gozag

Annotations:
D:2 Sigmund, Terence
D:3 Grinder, Jessica

#. .# ## ###
#).###. #..
#....###.# #.
#@#.# ##.##.##...#
. >......SB@.####
.$
##..###.b.........
#.###.#.#.##....
#.##...l.W.....
#.###.#.#.##..#
#.# ##...g.#..#
#.# ##.##5#..###.#


You could see a phantom, an adder, Jessica (fast), a giant cockroach, a bat and
a frilled lizard.


Message History

Jessica hits you but does no damage.
A bat comes into view. 😨 HP[-5]
You take 5 damage, and now have 7/25 hp.
It was a potion of magic.
Magic courses through your body. Jessica closely misses you.
The phantom misses you. Jessica hits you but does no damage.
It was a potion of curing.
You feel better.
The phantom hits you but does no damage.
Jessica misses you. 😮 HP[+6]
You regained 6 hp, and now have 13/25 hp.
You cannot read scrolls in your current state!
The phantom attacks as you move away! The phantom barely misses you.
Jessica hits you with a +0 club. The bat closely misses you.
Jessica misses you. Jessica attacks as you move away!
Jessica hits you but does no damage.
You can read scrolls again.
The bat hits you.
* * * LOW HITPOINT WARNING * * *
😨 HP[-1]
You take 1 damage, and now have 12/25 hp.
The bat attacks as you move away! The bat hits you but does no damage. x2
The bat closely misses you. The bat barely misses you.
The bat hits you but does no damage. The bat hits you but does no damage.
The bat attacks as you move away! The bat hits you but does no damage. x2
Jessica shouts, "Stop bothering me, or I'll kill you!"
The bat hits you but does no damage.
A giant cockroach comes into view.
The bat completely misses you.
The giant cockroach waves its antennae.
The giant cockroach closely misses you. 😮 HP[+1]
The bat misses you.
Jessica casts a spell.
Jessica blinks!
The giant cockroach closely misses you. The bat attacks as you move away!
The bat barely misses you. The bat hits you but does no damage.
Jessica gestures wildly while chanting.
Jessica blinks!
The bat barely misses you.
You see here a scroll labelled XEMAZ ZOREPHIA.
g - a scroll labelled XEMAZ ZOREPHIA The bat hits you but does no damage.
As you read the scroll labelled XEMAZ ZOREPHIA, it crumbles to dust.
A profound silence engulfs you.
It was a scroll of silence.
The giant cockroach closely misses you.
Magic scrolls do not work when you're silenced!
The giant cockroach attacks as you move away!
The giant cockroach barely misses you.
The giant cockroach attacks as you move away!
The giant cockroach bites you.
* * * LOW HITPOINT WARNING * * *
The giant cockroach bites you but does no damage. 😨 HP[-2]
You take 2 damage, and now have 11/25 hp.
The giant cockroach attacks as you move away!
The giant cockroach bites you.
* * * LOW HITPOINT WARNING * * *
An adder comes into view.
The bat hits you but does no damage. 😨 HP[-1]
You take 1 damage, and now have 10/25 hp.
The giant cockroach attacks as you move away!
The giant cockroach bites you but does no damage.
The bat hits you but does no damage.
Found a stone staircase leading down.
The bat closely misses you. The bat hits you but does no damage.
You miss the bat. The bat completely misses you.
The giant cockroach bites you but does no damage.
The adder bites you.
* * * LOW HITPOINT WARNING * * *
😨 HP[-1]
You take 1 damage, and now have 9/25 hp.
The bat hits you.
* * * LOW HITPOINT WARNING * * *
The adder bites you but does no damage.
Jessica gestures wildly while chanting.
Jessica blinks!
The adder bites you.
* * * LOW HITPOINT WARNING * * *
You are lethally poisoned!
The adder poisons you!
The giant cockroach bites you but does no damage. 😨 HP[-2]
You take 2 damage, and now have 7/25 hp.
The adder attacks as you move away! The adder bites you.
* * * LOW HITPOINT WARNING * * *
You are more poisoned.
The adder poisons you!
* * * LOW HITPOINT WARNING * * *
You feel very sick.
Jessica gestures wildly while chanting.
Jessica blinks! 😱 HP[-6]
You take 6 damage, and now have 1/25 hp.
MASSIVE DAMAGE!! (PAUSE) Unknown command.
You die...
Xom laughs nastily!
Your body crumbles into a pile of gold.

Skill      XL: |  1  2 |
---------------+-------+-----
Fighting       | 4 |  4.2
Short Blades   | |  2.6
Armour         | |  1.7
Dodging        | |  0.8

Action                   || total
-------------------------++-------
Melee: Short sword       ||    52
       Punch             ||     1
  Use: Scroll            ||     2
       Potion            ||     2
 Stab: Sleeping          ||     1
Armor: Leather armour    ||    38
Dodge: Dodged            ||    55

Levels and vault maps discovered:
D:1:      dpeg_arrival_tiny_a, layout_loops_corners,
          hellmonk_ecumenical_altar_dog_temple
D:2:      layout_basic, minmay_surrounded, uniq_terence, uniq_sigmund
D:3:      layout_loops_ring, uniq_robin, uniq_grinder, uniq_jessica

Notes
Turn   | Place    | Note
-------+----------+-------------------------------------------
     0 | D:1      | spaghetti the Demonspawn Chaos Knight began the quest for
                  | the Orb.
     0 | D:1      | Reached XP level 1. HP: 18/18 MP: 1/1
     0 | D:1      | magus.rc [v1.9.6]
    58 | D:1      | You pick up a book of Necromancy and begin reading...
    58 | D:1      | You add the spells Pain, Animate Skeleton and Vampiric
                  | Draining to your library.
    65 | D:1      | Found a faded altar of an unknown god.
   233 | D:1      | XOM: butterfly on damage
   238 | D:1      | Gained mutation: You have an unusually large brain. (Int
                  | +2) [demonic ancestry]
   238 | D:1      | Reached XP level 2. HP: 17/25 MP: 2/2
   241 | D:1      | Prayed at the altar of an unknown god.
   241 | D:1      | Fell from the grace of Xom
   241 | D:1      | Became a worshipper of Gozag Ym Sagoz the Greedy
   486 | D:1      | XOM: give mutation
   486 | D:1      | Gained mutation: You sometimes lose the ability to read
                  | scrolls when taking damage. [Xom's mischief]
  1162 | D:2      | Reached skill level 4 in Fighting
  1499 | D:2      | Noticed Sigmund
  1509 | D:2      | Noticed Terence
  1519 | D:3      | Noticed Grinder
  1519 | D:3      | Noticed Jessica
  1519 | D:3      | Noticed a phantom
  1552 | D:3      | HP: 5/25 [adder (2)]
  1552 | D:3      | HP: 1/25 [poisoned by an adder]
  1553 | D:3      | Succumbed to an adder's poison

Vanquished Creatures
  A gnoll (D:1)
  A dart slug (D:2)
  2 ball pythons
  2 endoplasms
  A goblin (D:2)
  3 jackals (D:1)
  A bat (D:1)
  3 kobolds
  A rat (D:1)
15 creatures vanquished.

Table legend:
 A = Non-vault XP
 B = Vault XP
 C = Vault XP percentage of total XP
 D = Non-vault monster count
 E = Vault monster count
 F = Vault count percentage of total count
                 A         B        C        D         E       F
            +---------+---------+-------+---------+---------+-------
      Total |      34 |       6 |  15.0 |      12 |       3 |  20.0
            +---------+---------+-------+---------+---------+-------
        D:1 |      20 |       6 |  23.1 |       6 |       3 |  33.3
        D:2 |      14 |       0 |   0.0 |       6 |       0 |   0.0
            +---------+---------+-------+---------+---------+-------

Illustrated notes

Table legend:
 A = Kills in this place as a percentage of kills in entire the game.
 B = Kills by you in this place as a percentage of kills by you in the entire game.
 C = Kills by friends in this place as a percentage of kills by friends in the entire game.
 D = Other kills in this place as a percentage of other kills in the entire game.
 E = Experience gained in this place as a percentage of experience gained in the entire game.
 F = Experience gained in this place divided by the number of levels of this place that you have seen.
                   A       B       C       D       E      F
               +-------+-------+-------+-------+-------+----------------------
         Total | 100.0 | 100.0 |   N/A |   N/A | 100.0 |  13.3
       Dungeon | 100.0 | 100.0 |   N/A |   N/A | 100.0 |  13.3
               +-------+-------+-------+-------+-------+----------------------

Table legend: (Time is in decaauts)
 A = Elapsed time spent in this place.
 B = Non-inter-level travel time spent in this place.
 C = Inter-level travel time spent in this place.
 D = Time resting spent in this place.
 E = Time spent auto-exploring this place.
 F = Levels seen in this place.
 G = Mean time per level.
                   A        B        C        D        E       F      G
               +--------+--------+--------+--------+--------+-----+--------+
         Total |   1550 |   1500 |     50 |     55 |   1256 |   3 |  516.7 |
       Dungeon |   1550 |   1500 |     50 |     55 |   1256 |   3 |  516.7 |
               +--------+--------+--------+--------+--------+-----+--------+

Top non-repeatable levels by time:
     D:1: 1102 daAuts
     D:2: 415 daAuts
     D:3: 33 daAuts
